 Dungeon Crawl Stone Soup version 0.30-a0-358-g0d69a1922f (webtiles) character file.

Game seed: 5749240705034118566

7739 Bnni the Spear-Bearer (level 11, -8/91 HPs)
             Began as a Formicid Fighter on Nov 10, 2022.
             Was an Initiate of Yredelemnul.
             Mangled by a fire crab (shapeshifter) (11 damage)
             ... on level 9 of the Dungeon.
             The game lasted 00:18:38 (9152 turns).

Bnni the Spear-Bearer (Formicid Fighter)            Turns: 9152, Time: 00:18:38

Health: -8/91      AC: 19    Str: 26    XL:     11   Next: 42%
Magic:  15/15      EV:  6    Int:  7    God:    Yredelemnul [......]
Gold:   628        SH:  5    Dex: 13    Spells: 10/10 levels left

rFire   . . .      SeeInvis +    y - +2 trident (protect)
rCold   . . .      Faith    .    c - +0 buckler
rNeg    . . .      Spirit   .    E - +0 plate armour
rPois   .          Reflect  .    (helmet unavailable)
rElec   .          Harm     .    w - +0 cloak
rCorr   +          Rampage  .    (no gloves)
Will    +....                    (no boots)
Stlth   ..........               k - amulet of the acrobat
HPRegen 0.35/turn                D - ring of resist corrosion
MPRegen 0.14/turn                (no ring)

@: under a protective aura
A: permanent stasis, dig shafts and tunnels, antennae 3, four strong arms
a: Dig, Shaft Self, Renounce Religion, Recall Undead Harvest


You were on level 9 of the Dungeon.
You worshipped Yredelemnul.
Yredelemnul was noncommittal.
You visited 2 branches of the dungeon, and saw 10 of its levels.
You also visited: Sewer.

You collected 628 gold pieces.

Inventory:

Hand Weapons
 v - a +4 quarterstaff of chaos
 y - a +2 trident of protection (weapon)
 B - a +0 halberd of flaming
 L - a +2 hand axe of venom
Missiles
 b - 6 boomerangs
 l - 34 poisoned darts
 G - a throwing net
Armour
 c - a +0 buckler (worn)
 w - a +0 cloak (worn)
 E - a +0 plate armour (worn)
Jewellery
 k - an amulet of the acrobat (around neck)
 D - a ring of resist corrosion (left hand)
Wands
 i - a wand of flame (17)
 A - a wand of roots (29)
 C - a wand of paralysis (2)
 F - a wand of mindburst (17)
Scrolls
 a - 3 scrolls of fear {unknown}
 g - 2 scrolls of immolation {unknown}
 h - 2 scrolls of magic mapping
 p - a scroll of fog {unknown}
 q - a scroll of blinking {unknown}
 r - a scroll of silence {unknown}
 s - 3 scrolls of acquirement {unknown}
 u - a scroll of brand weapon
 x - 2 scrolls of enchant weapon
 z - a scroll of poison {unknown}
 I - a scroll of vulnerability {unknown}
Potions
 d - 6 potions of might
 e - a potion of attraction
 f - 6 potions of flight
 j - 5 potions of curing
 m - 4 potions of resistance
 n - 3 potions of brilliance
 o - a potion of mutation
 t - a potion of magic
 H - a potion of lignification {unknown}


   Skills:
 + Level 10.2 Fighting
 * Level 13.4 Polearms
 - Level 3.2 Armour
 - Level 5.0 Shields
 + Level 6.2 Invocations


You had 10 spell levels left.
You didn't know any spells.
Your spell library contained the following spells:

 Spells                   Type           Power      Damage    Failure   Level
 Sting                    Tmut/Pois      0%         1d3       100%        1
 Momentum Strike          Conj/Tloc      0%         3d8       100%        2
 Poisonous Vapours        Pois/Air       0%         N/A       100%        2
 Call Canine Familiar     Summ           0%         N/A       100%        3
 Lesser Beckoning         Tloc           0%         N/A       100%        3
 Portal Projectile        Hex/Tloc       0%         N/A       100%        3
 Stone Arrow              Conj/Erth      0%         3d7       100%        3
 Animate Armour           Summ/Erth      0%         N/A       100%        4
 Leda's Liquefaction      Hex/Erth       0%         N/A       100%        4
 Olgreb's Toxic Radiance  Pois           0%         N/A       100%        4
 Lehudib's Crystal Spear  Conj/Erth      0%         10d2      100%        8
 Blink                    Tloc           Unusable   N/A       N/A         2

Dungeon Overview and Level Annotations

Branches:
Dungeon (9/15)             Temple (1/1) D:6            Lair (0/5) D:9
  Sewer (visited)
    Orc: D:9-12

Altars:
Ashenzari
Cheibriados
Dithmenos
Elyvilon
Fedhas
Gozag
Hepliaklqana
Kikubaaqudgha
Makhleb
Nemelex Xobeh
Qazlal
Ru
Sif Muna
Trog
Uskayaw
Vehumet
Wu Jian
Xom
Yredelemnul
Zin
The Shining One

Shops:
D:6 [   D:8 *


Innate Abilities, Weirdness & Mutations

You cannot be hasted, slowed, berserked, paralysed or teleported.
You can dig through walls and to a lower floor.
You have a pair of large antennae on your head. (SInv)
Your four strong arms can wield two-handed weapons with a shield.


Message History

Your bullfrog zombie hits the fire crab but does no damage.
The fire crab bites your bullfrog zombie!
Your bullfrog zombie is engulfed in flames!
The fire crab claws your bullfrog zombie!
Your bullfrog zombie is engulfed in flames!
Your bullfrog zombie is destroyed!
You hit the fire crab but do no damage.
The fire crab is severely wounded.
The fire crab bites you but does no damage.
The fire crab barely misses you.
You hit the fire crab but do no damage.
The fire crab is severely wounded.
You hit the fire crab but do no damage.
The fire crab is severely wounded.
The fire crab bites you but does no damage.
The fire crab claws you!
You are engulfed in flames!
The howler monkey hoots and howls with incredible vigour!
You hear a shout!
You hit the fire crab.
The fire crab is almost dead.
The fire crab barely misses you. The fire crab claws you!
You are engulfed in flames!
* * * LOW HITPOINT WARNING * * *
Unknown command.
You hit the fire crab.
The fire crab is almost dead.
Unknown command.
You hit the fire crab.
The fire crab is almost dead.
The fire crab completely misses you. The fire crab claws you.
* * * LOW HITPOINT WARNING * * *
You are engulfed in flames!
* * * LOW HITPOINT WARNING * * *
Unknown command.
You completely miss the fire crab.
The fire crab is almost dead.
The howler monkey hoots and howls with incredible vigour!
The fire crab bites you!
You die...
Your body rises from the dead as a mindless zombie.

....## ..... ..#. ... ###
#### # #..
....#####..#### . #..{
#.......V.... ....#.S###
####....#####
#...!?ht.### #V#.## #
###.####@..#####.#.######
{ ######..##...#.#...V.
............###....###
......###.### #.(.####
......#....####..###..
......<#........###..#
...........(....V...##
..... #.....#...Z.....
#### ................


You could see a fire crab shaped shifter, a water moccasin and a howler monkey
(catching breath).

Vanquished Creatures
  A centaur warrior (D:9)
  Psyche (D:9)
  A hornet (D:9)
  Sigmund (D:5)
  A shadow (D:9)
  2 wyverns
  11 yaks
  A steam dragon (D:7)
  Eustachio (D:5)
  A basilisk (D:9)
  Edmund (D:6)
  3 water moccasins (D:9)
  3 ice beasts
  A black bear (D:4)
  2 orc warriors (D:9)
  A sky beast (D:6)
  5 ogres
  3 centaurs
  2 kobold brigands
  A bullfrog (D:9)
  Blork the orc (D:5)
  3 necrophages
  6 wights
  8 killer bees (D:9)
  Crazy Yiuf (D:3)
  3 gnoll boudas
  2 orc priests (D:7)
  A hound (D:5)
  4 jellies
  Ijyb (D:2)
  Terence (D:3)
  2 iguanas
  3 orc wizards
  15 gnolls
  22 adders
  3 river rats (Sewer)
  2 white imps
  4 worms
  14 dart slugs
  22 orcs
  15 bats
  6 endoplasms
  6 giant cockroaches
  5 goblins
  7 hobgoblins
  2 jackals (Sewer)
  14 kobolds
  5 quokkas
  13 ball pythons
  4 frilled lizards
  3 rats (D:1)
241 creatures vanquished.

Vanquished Creatures (collateral kills)
  A basilisk (D:9)
  2 killer bees (D:9)
  A jelly (D:7)
  6 kobolds
10 creatures vanquished.

Vanquished Creatures (others)
  A wyvern zombie (D:9)
  2 water moccasin zombies (D:9)
  2 yak zombies
  A bullfrog zombie (D:9)
  4 killer bee zombies (D:9)
  6 kobold zombies
  6 orc zombies
  11 plants (D:9)
33 creatures vanquished.

Grand Total: 284 creatures vanquished

Notes
Turn   | Place    | Note
-------+----------+-------------------------------------------
     0 | D:1      | Bnni the Formicid Fighter began the quest for the Orb.
     0 | D:1      | Reached XP level 1. HP: 18/18 MP: 1/1
   139 | D:1      | Reached XP level 2. HP: 23/24 MP: 2/2
   273 | D:1      | Reached XP level 3. HP: 29/29 MP: 3/3
   926 | D:2      | Reached skill level 3 in Polearms
   940 | D:2      | Reached XP level 4. HP: 34/37 MP: 4/4
  1336 | D:3      | Noticed Ijyb
  1403 | D:2      | Killed Ijyb
  1404 | D:2      | Reached XP level 5. HP: 8/42 MP: 5/5
  1559 | D:3      | Found a faded altar of an unknown god.
  1606 | D:3      | Reached skill level 5 in Shields
  1810 | D:3      | Found a glowing drain.
  1827 | Sewer    | Entered a sewer
  1838 | Sewer    | Reached skill level 4 in Polearms
  2236 | Sewer    | Reached XP level 6. HP: 44/46 MP: 6/6
  2865 | D:3      | Found a runed translucent door.
  2866 | D:3      | Noticed Crazy Yiuf
  2886 | D:3      | Killed Crazy Yiuf
  3119 | D:3      | Noticed Terence
  3122 | D:3      | Killed Terence
  3123 | D:3      | Reached skill level 5 in Polearms
  3415 | D:4      | Reached skill level 5 in Fighting
  3518 | D:4      | Reached XP level 7. HP: 44/56 MP: 7/7
  3846 | D:4      | Reached skill level 6 in Polearms
  4009 | D:4      | Found a radiant altar of Vehumet.
  4435 | D:5      | Entered Level 5 of the Dungeon
  4435 | D:5      | Noticed Eustachio
  4458 | D:4      | Reached skill level 7 in Polearms
  4458 | D:4      | Reached XP level 8. HP: 12/64 MP: 8/8
  4652 | D:5      | Killed Eustachio
  4705 | D:5      | Noticed Sigmund
  4710 | D:5      | Noticed Blork the orc
  4717 | D:5      | Killed Sigmund
  4718 | D:5      | Reached skill level 8 in Polearms
  4729 | D:5      | Killed Blork the orc
  4740 | D:5      | Reached XP level 9. HP: 35/72 MP: 9/9
  4927 | D:5      | Found an ancient bone altar of Kikubaaqudgha.
  5019 | D:5      | Found a glowing golden altar of the Shining One.
  5099 | D:5      | Reached skill level 9 in Polearms
  5529 | D:6      | Found Wadap's Armour Shop.
  5832 | D:6      | Noticed Edmund
  5852 | D:6      | Killed Edmund
  6161 | D:6      | Reached skill level 10 in Polearms
  6168 | D:6      | Found a staircase to the Ecumenical Temple.
  6255 | Temple   | Entered the Ecumenical Temple
  6262 | Temple   | Became a worshipper of Yredelemnul the Dark
  6376 | D:7      | Reached * piety under Yredelemnul
  6665 | D:7      | Reached skill level 11 in Polearms
  6665 | D:7      | Reached XP level 10. HP: 50/81 MP: 10/10
  6963 | D:7      | Reached ** piety under Yredelemnul
  7375 | D:8      | Reached skill level 1 in Invocations
  7445 | D:8      | Found Jochy's Demolitions Depot.
  7743 | D:8      | HP: 4/81 [wight/+5 hand axe (4)]
  7753 | D:8      | Reached skill level 12 in Polearms
  8173 | D:9      | Noticed Psyche
  8188 | D:9      | Killed Psyche
  8488 | D:9      | Reached XP level 11. HP: 23/89 MP: 14/14
  8495 | D:9      | HP: 4/89 [basilisk (13)]
  8503 | D:9      | Reached skill level 5 in Invocations
  8774 | D:9      | Reached skill level 13 in Polearms
  8854 | D:9      | Found a staircase to the Lair.
  8892 | D:9      | Reached skill level 10 in Fighting
  9114 | D:9      | Noticed a centaur warrior
  9126 | D:9      | an eye of devastation changed into a manticore
  9126 | D:9      | Noticed a manticore (shapeshifter)
  9130 | D:9      | a manticore changed into a fire crab
  9130 | D:9      | Noticed a fire crab (shapeshifter)
  9139 | D:9      | Killed a centaur warrior
  9151 | D:9      | HP: 3/91 [fire crab (shapeshifter) (10)]
  9152 | D:9      | Mangled by a fire crab (shapeshifter)

Illustrated notes

Levels and vault maps discovered:
D:1:      lemuel_arrival_tunnels, layout_basic
D:2:      layout_loops_ring, minmay_misc_feat_nine_boxes
D:3:      layout_loops_ring, cheibrodos_sewer_entry_bend,
          nicolae_ecumenical_oubliette, roderic_filled_cross, uniq_ijyb,
          uniq_terence, uniq_crazy_yiuf_cottage
D:4:      kennysheep_slugbush, layout_rooms, general_overflow_altar,
          minmay_snake_closets
D:5:      layout_cave_pools, lemuel_tele_altar, lemuel_crystal_altar,
          uniq_sigmund, uniq_blork_the_orc, uniq_eustachio
D:6:      layout_basic, minmay_temple_entry_sparse_star, serial_shops,
          shop_coins, chequers_serial_rivers_small_3,
          chequers_serial_rivers_micro_e, uniq_edmund
D:7:      layout_basic
D:8:      layout_basic, nicolae_blasting_shop, kennysheep_doodads,
          hangedman_abyss_or_decor_jellyfish_corner, kennysheep_generic_room_10
D:9:      layout_rooms, minmay_lair_entry_grove, minmay_bent, uniq_psyche
Temple:   nicolae_temple_no_exploring_needed

Skill      XL: |  1  2  3  4  5  6  7  8  9 10 11 |
---------------+----------------------------------+-----
Polearms       | 3 4 5 7 8 11 12 13 | 13.4
Fighting       | 4 5 6 7 8 9 10 | 10.2
Shields        | 5 |  5.0
Invocations    | 4 6 |  6.2
Armour         | |  3.2

Action                   |  1- 3 |  4- 6 |  7- 9 | 10-12 || total
-------------------------+-------+-------+-------+-------++-------
Melee: Trident           |    75 |   271 |   298 |   287 ||   931
       Quarterstaff      |       |    52 |    49 |       ||   101
Throw: Dart              |       |     6 |       |       ||     6
Invok: Dark Bargain      |       |       |       |     1 ||     1
 Abil: Dig               |       |     1 |       |     1 ||     2
Evoke: Wand              |       |       |       |     1 ||     1
  Use: Scroll            |       |     8 |     2 |     3 ||    13
       Potion            |       |     4 |     1 |     8 ||    13
 Stab: Invisible         |       |     1 |       |       ||     1
       Distracted        |       |       |     2 |     2 ||     4
Armor: Scale mail        |    11 |       |       |       ||    11
       Chain mail        |    12 |   182 |   118 |       ||   312
       Plate armour      |       |       |    50 |    90 ||   140
Dodge: Dodged            |    17 |   122 |   105 |    60 ||   304
Block: Buckler           |    12 |    62 |    56 |    43 ||   173

Table legend: (Time is in decaauts)
 A = Elapsed time spent in this place.
 B = Non-inter-level travel time spent in this place.
 C = Inter-level travel time spent in this place.
 D = Time resting spent in this place.
 E = Time spent auto-exploring this place.
 F = Levels seen in this place.
 G = Mean time per level.
                   A        B        C        D        E       F      G
               +--------+--------+--------+--------+--------+-----+--------+
         Total |   9237 |   8966 |    271 |    921 |   6026 |  11 |  839.7 |
       Dungeon |   8256 |   7991 |    265 |    737 |   5654 |   9 |  917.3 |
        Temple |     14 |      8 |      6 |      0 |      0 |   1 |   14.0 |
         Sewer |    967 |    967 |      0 |    184 |    371 |   1 |  967.0 |
               +--------+--------+--------+--------+--------+-----+--------+

Top non-repeatable levels by time:
     D:4: 1361 daAuts
   Sewer: 967 daAuts
     D:3: 942 daAuts
     D:7: 935 daAuts
     D:9: 918 daAuts
     D:6: 915 daAuts
     D:8: 837 daAuts
     D:5: 790 daAuts
     D:1: 785 daAuts
     D:2: 768 daAuts
  Temple: 14 daAuts
